 Dungeon Crawl Stone Soup version 0.23.1 (webtiles) character file.

Game seed: 1414057793765000826

256 Irenicus the Chopper (level 5, -2/45 HPs)
             Began as a Deep Dwarf Gladiator on Mar 18, 2019.
             Slain by Edmund
             ... wielding a +0 flail of protection
              (6 damage)
             ... on level 5 of the Dungeon.
             The game lasted 00:07:20 (1167 turns).

Irenicus the Chopper (Deep Dwarf Gladiator)         Turns: 1167, Time: 00:07:21

Health: -2/45      AC:  4    Str: 22 (23) XL:     5   Next: 92%
Magic:  5/5        EV: 13    Int:  8      God:
Gold:   209        SH:  0    Dex: 14 (15) Spells: 4/4 levels left

rFire    . . .     SeeInvis .   a - +0 war axe
rCold    . . .     Gourm    .   (no shield)
rNeg     . . .     Faith    .   b - +0 leather armour
rPois    .         Spirit   .   c - +0 helmet
rElec    .         Reflect  .   (no cloak)
rCorr    .         Harm     .   (no gloves)
MR       .....                  (no boots)
Stlth    +.........             (no amulet)
HPRegen  0.00/turn              (no ring)
MPRegen  0.09/turn              (no ring)

@: mighty, non-regenerating
A: damage resistance, heal wounds, sense surroundings 1, no regeneration
a: Heal Wounds


You were on level 5 of the Dungeon.
You were not hungry.

You visited 1 branch of the dungeon, and saw 5 of its levels.

You collected 209 gold pieces.

Inventory:

Hand Weapons
 a - a +0 war axe (weapon)
Missiles
 d - 4 throwing nets (quivered) {=f, !d}
Armour
 b - a +0 leather armour (worn)
 c - a +0 helmet (worn)
Jewellery
 g - an uncursed ring of ice {rC+, rF-}
   (You found it on level 1 of the Dungeon)
Wands
 l - a wand of iceblast (9)
   (You found it on level 3 of the Dungeon)
Scrolls
 e - 5 scrolls of identify
 h - a scroll of enchant weapon {unknown}
 i - a scroll of amnesia {unknown}
 j - 2 scrolls of fog
 k - 5 scrolls of remove curse
 n - a scroll of teleportation
 p - a scroll of magic mapping {unknown}
Comestibles
 f - 3 rations


   Skills:
 - Level 1.7 Fighting
 + Level 7.3 Axes
 - Level 1.7 Throwing
 - Level 3.2 Dodging


You had 4 spell levels left.
You didn't know any spells.
Your spell library was empty.

Dungeon Overview and Level Annotations

Branches:
Dungeon (5/15)
 Temple: D:4-7

Altars:

Annotations:
D:5 exclusion: Edmund, Edmund, Grinder


Innate Abilities, Weirdness & Mutations

You are resistant to damage.
You can heal yourself by infusing magical energy.
You passively map a small area around you.
You do not regenerate.


Message History

You hit the crimson imp. The crimson imp barely misses you.
You completely miss the worker ant. You miss the crimson imp.
The worker ant bites you.
You are poisoned.
The worker ant poisons you!
The crimson imp summons a swarm of flies.
The crimson imp blinks!
The worker ant bites you.
You take 1 damage, and have 17/45 hp.
Your leather armour prevents you from hitting the worker ant.
The worker ant barely misses you.
You closely miss the worker ant.
The worker ant bites you but does no damage.
The worker ant misses you.
You hit the worker ant. You hit the crimson imp. The crimson imp hits you.
The worker ant bites you but does no damage.
You hit the worker ant but do no damage.
You miss the crimson imp.
The crimson imp hits you but does no damage.
The worker ant bites you. The crimson imp misses you.
The worker ant bites you but does no damage.
You hit the worker ant. You closely miss the crimson imp.
The worker ant misses you.
The crimson imp blinks!
You hit the worker ant but do no damage.
The worker ant misses you.
You barely miss the worker ant.
The worker ant bites you but does no damage.
The worker ant barely misses you.
You barely miss the worker ant. You hit the crimson imp.
The worker ant closely misses you. The crimson imp hits you.
You hit the worker ant but do no damage.
You hit the crimson imp. The worker ant barely misses you.
The crimson imp misses you. The worker ant closely misses you.
The crimson imp hits you but does no damage.
You barely miss the worker ant. You hit the crimson imp.
You kill the crimson imp!
You feel your intelligence returning. The worker ant closely misses you.
You hit the worker ant. The worker ant bites you. x2
* * * LOW HITPOINT WARNING * * *
You take 7 damage, and have 10/45 hp.
You closely miss the worker ant. The worker ant barely misses you.
You closely miss the worker ant. The worker ant bites you.
You barely miss the worker ant. The worker ant closely misses you.
The worker ant bites you but does no damage.
You closely miss the worker ant. The worker ant closely misses you.
You closely miss the worker ant. The worker ant misses you.
The worker ant barely misses you.
You barely miss the worker ant.
You are no longer poisoned.
The worker ant barely misses you.
You are too injured to fight recklessly!
You are too injured to fight recklessly!
You are too injured to fight recklessly!
You are too injured to fight recklessly!
You slash the worker ant!
The worker ant bites you but does no damage.
The worker ant barely misses you.
You slash the worker ant!
You kill the worker ant!
You hear the slow hiss of a distant avalanche of sand.
A shadow imp comes into view.
The shadow imp shouts, "Slither away, thou artless wibble-sucking jarkman!"
Grinder comes into view.
Grinder shouts!
It was a potion of curing.
You feel better.
The shadow imp hits you but does no damage.
Grinder blinks!
You regained 6 hp, and now have 16/45 hp.
You slash the shadow imp!
Grinder blinks!
The shadow imp misses you.
A water moccasin skeleton comes into view.
You slash the shadow imp!
You kill the shadow imp!
You feel your intelligence returning.
Your Axes skill increases to level 7!
You feel very mighty all of a sudden. Grinder misses you.
You slash Grinder!
Grinder says, "Mostly I couldn't keep them alive."
Grinder blinks!
Grinder hits you but does no damage.
You closely miss Grinder. Grinder closely misses you.
You closely miss Grinder.
Edmund shouts!
You hit the water moccasin skeleton. The water moccasin skeleton misses you.
Grinder blinks!
You barely miss the water moccasin skeleton.
The water moccasin skeleton misses you. The water moccasin skeleton bites you.
You slash the water moccasin skeleton! The water moccasin skeleton bites you.
* * * LOW HITPOINT WARNING * * *
You take 5 damage, and have 11/45 hp.
You slice the water moccasin skeleton!!
You destroy the water moccasin skeleton!
You barely miss Edmund. Edmund hits you but does no damage.
Grinder blinks!
You slash Edmund!
Edmund hits you with a +0 flail of protection!
* * * LOW HITPOINT WARNING * * *
You take 7 damage, and have 4/45 hp.
You hit Edmund but do no damage.
Edmund hits you with a +0 flail of protection!
You die...

,, #................
, * ##...#
#......<... ,
##....#*####.......
, #.....## ##.....#.
* ##..$..##
#..#.....
#.......###.###....
* *
##.#...............
,
###.@...............
,
#..@5..#............
###....##...........
, #....##.%.......#.
#............#..# ,
#.......†.###.#.#..
* #.........#*
...... *
#..........# .... ,
##........... ...
#............. ,


You could see Edmund and Grinder.

Vanquished Creatures
  A water moccasin skeleton (D:5)
  A crimson imp (D:5)
  A worker ant (D:5)
  6 adders
  A shadow imp (D:5)
  An ooze (D:2)
  A worm (D:3)
  2 dart slugs
  3 leopard geckos
  An orc (D:3)
  6 bats
  3 giant cockroaches
  5 goblins
  12 hobgoblins
  6 jackals (D:1)
  10 kobolds
  A quokka (D:3)
  8 frilled lizards
  9 rats
78 creatures vanquished.

Notes
Turn   | Place    | Note
-------+----------+-------------------------------------------
     0 | D:1      | Irenicus the Deep Dwarf Gladiator began the quest for the
                  | Orb.
     0 | D:1      | Reached XP level 1. HP: 19/19 MP: 1/1
    65 | D:1      | Reached skill level 4 in Axes
    65 | D:1      | Reached XP level 2. HP: 17/26 MP: 2/2
   157 | D:1      | Reached XP level 3. HP: 10/32 MP: 3/3
   312 | D:2      | Reached skill level 5 in Axes
   343 | D:2      | Found a faded altar of an unknown god.
   362 | D:2      | HP: 7/32 [adder (2)]
   363 | D:2      | Reached XP level 4. HP: 9/39 MP: 4/4
   730 | D:3      | Reached skill level 6 in Axes
  1060 | D:4      | Reached XP level 5. HP: 18/45 MP: 5/5
  1094 | D:5      | Entered Level 5 of the Dungeon
  1094 | D:5      | Noticed Edmund
  1128 | D:5      | HP: 10/45 [worker ant (4)]
  1147 | D:5      | Noticed Grinder
  1152 | D:5      | Reached skill level 7 in Axes
  1164 | D:5      | HP: 11/45 [water moccasin skeleton (5)]
  1166 | D:5      | HP: 4/45 [Edmund/+0 flail of protection (7)]
  1167 | D:5      | Slain by Edmund

Skill      XL: |  1  2  3  4  5 |
---------------+----------------+-----
Axes           | 4 5 6 7 |  7.3
Fighting       | |  1.7
Throwing       | |  1.7
Dodging        | |  3.2

Action                   |  1- 3 |  4- 6 || total
-------------------------+-------+-------++-------
Melee: War axe           |    82 |   116 ||   198
Throw: Throwing net      |       |     1 ||     1
 Abil: Heal Wounds       |       |     1 ||     1
  Use: Scroll            |       |     5 ||     5
       Potion            |       |     4 ||     4
 Stab: Held in net/web   |       |     2 ||     2
       Sleeping          |       |     1 ||     1
  Eat: Chunk             |       |     1 ||     1
Armor: Leather armour    |    23 |    27 ||    50
       Skin              |       |    23 ||    23
Dodge: Dodged            |    68 |    75 ||   143

Levels and vault maps discovered:
D:1:      ebering_trefoil_twist, layout_rooms
D:2:      layout_loops_ring, chequers_ecumenical_altar_simple_redux,
          serial_bayou_pond_b
D:3:      layout_rooms
D:4:      layout_cave_pods, grunt_gozag_statues
D:5:      layout_cave_pools, old_standard_altar, first_ration,
          nicolae_ossuary_entry_ruins, uniq_edmund, uniq_grinder

Table legend:
 A = Turns spent in this place as a percentage of turns spent in the entire game.
 B = Non-inter-level travel turns spent in this place as a percentage of non-inter-level travel turns spent in the entire game.
 C = Inter-level travel turns spent in this place as a percentage of turns spent in this place.
 D = Turns resting spent in this place as a percentage of non-inter-level travel turns spent in this place.
 E = Turns spent auto-exploring this place as a percentage of non-inter-level travel turns spent in this place.
 F = Non-inter-level travel turns spent in this place divided by the number of levels of this place that you've seen.
                   A       B       C       D       E      F
               +-------+-------+-------+-------+-------+----------------------
         Total | 100.0 | 100.0 |   0.0 |   0.3 |   0.0 | 233.4
       Dungeon | 100.0 | 100.0 |   0.0 |   0.3 |   0.0 | 233.4
               +-------+-------+-------+-------+-------+----------------------

Table legend:
 A = Kills in this place as a percentage of kills in entire the game.
 B = Kills by you in this place as a percentage of kills by you in the entire game.
 C = Kills by friends in this place as a percentage of kills by friends in the entire game.
 D = Other kills in this place as a percentage of other kills in the entire game.
 E = Experience gained in this place as a percentage of experience gained in the entire game.
 F = Experience gained in this place divided by the number of levels of this place that you have seen.
                   A       B       C       D       E      F
               +-------+-------+-------+-------+-------+----------------------
         Total | 100.0 | 100.0 |   N/A |   N/A | 100.0 |  73.2
       Dungeon | 100.0 | 100.0 |   N/A |   N/A | 100.0 |  73.2
               +-------+-------+-------+-------+-------+----------------------
